 Dungeon Crawl Stone Soup version 0.28-a0-657-g71136c5590 (webtiles) character file.

Game seed: 3172363871044692152

10964 siradein the Summoner (level 11, -9/66 HPs)
             Began as a Tengu Summoner on Oct 14, 2021.
             Was a Believer of Kikubaaqudgha.
             Hit by a javelin thrown by a minotaur (22 damage)
             ... in a Gauntlet.
             The game lasted 01:01:34 (16287 turns).

siradein the Summoner (Tengu Summoner)             Turns: 16287, Time: 01:01:36

Health: -9/66      AC: 11    Str:  9    XL:     11   Next: 70%
Magic:  11/23      EV: 16    Int: 28    God:    Kikubaaqudgha [**....]
Gold:   461        SH:  5    Dex: 14    Spells: 3/25 levels left

rFire   + + .      SeeInvis .   v - +4 spear (venom)
rCold   + . .      Faith    .   (no shield)
rNeg    . . .      Spirit   .   M - +0 swamp dragon scales
rPois   +          Reflect  +   (helmet restricted)
rElec   +          Harm     .   q - scarf {rC+ rF+}
rCorr   .          Rampage  .   S - +2 pair of gloves
Will    .....      NoTele   +   (boots unavailable)
Stlth   +.........              d - amulet of reflection
HPRegen 0.21/turn               e - ring of the Death Scarab {rElec rF+ Int+3}
MPRegen 0.18/turn               O - +6 ring of intelligence

@: flying quickly and evasively, quick
A: beak, talons 3, nimble flight
a: Renounce Religion, Receive Corpses


You were in a Gauntlet.
You worshipped Kikubaaqudgha.
Kikubaaqudgha was pleased with you.
You visited 2 branches of the dungeon, and saw 12 of its levels.
You also visited: Ossuary and Gauntlet.

You collected 461 gold pieces.

Inventory:

Hand Weapons
 v - a +4 spear of venom (weapon)
 R - the +9 falchion of the Tired Curses {vorpal, rPois Str+6}
   (You found it on level 9 of the Dungeon)

   It inflicts extra damage upon your enemies.
   Str:       It affects your strength (+6).
   rPois:     It protects you from poison.
Missiles
 o - 5 silver boomerangs
 r - 74 poisoned darts
 u - 2 throwing nets
 J - a curare-tipped dart
Armour
 q - a scarf of resistance (worn)
 M - +0 swamp dragon scales (worn)
 Q - a +0 troll leather armour
 S - a +2 pair of gloves (worn)
Magical Staves
 k - a staff of death
 t - a staff of cold
Jewellery
 d - an amulet of reflection (around neck)
 e - the ring of the Death Scarab (left hand) {rElec rF+ Int+3}
   (You found it in a Gauntlet)

   [ring of protection from fire]

   Int:       It affects your intelligence (+3).
   rF:        It protects you from fire.
   rElec:     It insulates you from electricity.
 y - the ring of Qargh {Fire *Slow Will++ Dex+3}
   (You found it in a Gauntlet)

   [ring of fire]

   It enhances your fire magic.
   Dex:       It affects your dexterity (+3).
   rF:        It protects you from fire.
   rC:        It makes you vulnerable to cold.
   *Slow:     It may slow you when you take damage.
   Will:      It greatly increases your willpower.
 L - a ring of wizardry
 O - a +6 ring of intelligence (right hand)
Wands
 g - a wand of charming (7)
 w - a wand of polymorph (7)
 A - a wand of flame (26)
Scrolls
 a - a scroll of noise {unknown}
 b - a scroll of acquirement
 h - 5 scrolls of enchant weapon {unknown}
 i - 3 scrolls of summoning {unknown}
 j - 3 scrolls of fear {unknown}
 l - a scroll of vulnerability {unknown}
 s - 2 scrolls of enchant armour
 C - a scroll of teleportation {unknown}
 F - 3 scrolls of fog {unknown}
 G - a scroll of holy word {unknown}
 N - a scroll of amnesia {unknown}
Potions
 c - 7 potions of curing
 f - 5 potions of invisibility
 m - 3 potions of magic
 n - 2 potions of brilliance {unknown}
 p - 2 potions of lignification
 x - 2 potions of cancellation
 z - 2 potions of degeneration {unknown}
 B - 3 potions of haste
 E - 2 potions of ambrosia {unknown}
 H - 3 potions of might
 I - 2 potions of heal wounds {unknown}
 K - 3 potions of mutation {unknown}


   Skills:
 + Level 6.7 Fighting
 + Level 6.2 Polearms
 + Level 5.4 Armour
 + Level 9.0 Dodging
 - Level 2.0 Stealth
 + Level 7.5 Spellcasting
 + Level 10.7 Summonings
 + Level 4.5 Necromancy
 + Level 5.2 Air Magic


You had 3 spell levels left.
You knew the following spells:

 Your Spells              Type           Power      Damage    Failure   Level
a - Summon Small Mammal   Summ           100%       N/A       1%          1
b - Call Imp              Summ           63%        N/A       1%          2
c - Call Canine Familiar  Summ           63%        N/A       1%          3
d - Summon Guardian Gole  Hex/Summ       40%        N/A       4%          3
e - Summon Lightning Spi  Summ/Air       53%        N/A       4%          4
f - Vampiric Draining     Necr           17%        2d8       6%          3
g - Summon Cactus Giant   Summ           31%        N/A       24%         6

Your spell library contained the following spells:

 Spells                   Type           Power      Damage    Failure   Level
 Animate Skeleton         Necr           70%        N/A       1%          1
 Pain                     Necr           100%       1d9       1%          1
 Sublimation of Blood     Necr           17%        N/A       3%          2
 Apportation              Tloc           20%        N/A       13%         1
 Mephitic Cloud           Conj/Pois/Air  20%        N/A       19%         3
 Conjure Flame            Conj/Fire      10%        6-21      36%         3
 Gell's Gravitas          Tloc           5%         N/A       36%         3
 Ignite Poison            Fire/Tmut/Pois 10%        N/A       36%         3
 Lesser Beckoning         Tloc           10%        N/A       36%         3
 Teleport Other           Tloc           10%        N/A       36%         3
 Summon Forest            Summ/Tloc      20%        N/A       36%         5
 Summon Mana Viper        Hex/Summ       40%        N/A       36%         5
 Monstrous Menagerie      Summ           31%        N/A       80%         7
 Freezing Cloud           Conj/Ice/Air   10%        6-21      87%         5


Dungeon Overview and Level Annotations

Branches:
Dungeon (11/15)            Temple (1/1) D:6            Lair (0/6) D:9
    Orc (0/2) D:9         Ossuary (visited)         Gauntlet (1/1)

Altars:
Ashenzari
Cheibriados
Dithmenos
Elyvilon
Fedhas
Gozag
Hepliaklqana
Kikubaaqudgha
Makhleb
Nemelex Xobeh
Okawaru
Qazlal
Ru
Sif Muna
Trog
Uskayaw
Vehumet
Wu Jian
Xom
Yredelemnul
Zin
The Shining One

Shops:
D:6 *[   D:7 [   D:8 *   D:11 :

Annotations:
Gauntlet 8 transporters


Innate Abilities, Weirdness & Mutations

You have a beak for a mouth.
You have claws for feet.
Your magical nature lets you fly swiftly and evasively.


Message History

Your warg bites the minotaur.
The minotaur throws a javelin.
The javelin pierces through your warg!! The javelin pierces through you!
Your warg bites the minotaur.
The minotaur hits your guardian golem with a staff of conjuration.
The minotaur gores your guardian golem!
Your guardian golem overheats!
The minotaur hits your guardian golem with a staff of conjuration.
Flame seeps out of your guardian golem.
The minotaur blasts your guardian golem.
Flame seeps out of your guardian golem.
The minotaur gores your guardian golem but does no damage.
Your guardian golem is engulfed in blazing flames.
Flame seeps out of your guardian golem.
The minotaur is engulfed in blazing flames.
The minotaur hits your guardian golem with a staff of conjuration!!!
Your guardian golem disappears in a puff of smoke!
Your guardian golem explodes!
The fiery explosion engulfs the minotaur!!!
You swap places.
Casting: Summon Guardian Golem (dangerous; 4% risk of failure)
Confirm with . or Enter, or press ? or * to list all spells.
A guardian golem appears, shielding your allies.
You swap places.
Something hits your warg!! Something blasts your warg.
Your warg dies!
Your warg's corpse disappears in a puff of smoke!
Casting: Call Canine Familiar (safe; 1% risk of failure)
Press: ? - help, Q - select action, (/) - cycle Dir - look around, f - activate The minotaur throws a javelin.
The javelin pierces through your guardian golem!
The javelin pierces through you!!
* * * LOW HITPOINT WARNING * * *
You swap places.
Your guardian golem overheats!
Your lightning spire disappears in a puff of smoke!
The minotaur throws a javelin.
The javelin pierces through your guardian golem!!!
Your guardian golem disappears in a puff of smoke!
The javelin misses your wolf. The javelin pierces through you!!
You die...
Kikubaaqudgha rasps: "You have failed me!
Welcome... death!"

#.⌠..# #...⌠+ +⌠... ..∩ #.#
#######'####### #..H..........#
#.###H###§###.# #.....§.h..@..#
###.###.###.###
#####.###.###.#####
#.................
#.♣.♣.©.©.©.©.♣.♣.#
#................. #
##################### ### ### #
###≈###...........###≈###≈###≈###
≈#≈≈≈#..♣P.....P♣..#≈≈≈#≈≈≈#≈≈≈#≈


You could see a minotaur (ally target) and a friendly wolf (summoned,
sheltered).

Vanquished Creatures
  A boulder beetle (D:11)
  The ghost of scottley the Ruffian, an amateur TrMo (D:4)
  A ynoxinul (Gauntlet)
  3 yaks (D:10)
  A water moccasin (D:8)
  2 centaurs (D:10)
  An ogre (D:7)
  2 kobold brigands
  3 bullfrogs
  2 scorpions
  4 water moccasin zombies (Ossuary)
  A killer bee (D:8)
  4 howler monkeys
  3 wights (D:7)
  4 centaur zombies
  A quasit (D:4)
  3 hounds
  A centaur skeleton (D:5)
  A gnoll shaman (D:5)
  2 orc priests
  2 iron imps (Gauntlet)
  2 orc wizards
  A mummy (Ossuary)
  10 gnolls
  8 adders
  A white imp (D:6)
  3 adder zombies (Ossuary)
  2 worms (D:2)
  11 orcs
  4 bats
  5 endoplasms
  2 giant cockroaches
  2 gnoll zombies (Ossuary)
  5 goblins
  4 hobgoblins
  2 jackals (D:4)
  3 quokkas
  9 ball pythons
  A frilled lizard (D:3)
  3 hobgoblin zombies (Ossuary)
  18 kobolds
  3 kobold zombies (Ossuary)
  6 orc zombies (Ossuary)
  3 rats
151 creatures vanquished.

Vanquished Creatures (collateral kills)
  A balrug (Gauntlet)
  An ugly thing (D:9)
  2 manticores
  A centaur zombie (D:11)
  A komodo dragon (D:10)
  A troll (D:9)
  4 shadows
  3 yaks (D:10)
  An acid dragon (D:9)
  2 hell hounds (Gauntlet)
  An ice beast (D:7)
  3 orc warriors
  An ogre (D:5)
  Blork the orc (D:5)
  2 kobold brigands
  A bullfrog (D:9)
  2 gnoll sergeants
  2 scorpions
  A water moccasin zombie (Ossuary)
  7 killer bees
  A howler monkey (D:4)
  2 hounds
  2 quasits (D:4)
  2 orc priests (D:9)
  A gnoll shaman (D:6)
  A bullfrog skeleton (D:6)
  2 iron imps (Gauntlet)
  Jessica (D:2)
  Terence (D:2)
  4 orc wizards
  2 mummies
  4 adders
  14 gnolls
  A shadow imp (D:8)
  A nameless horror (D:11)
  An adder zombie (Ossuary)
  6 orcs
  A ball python (D:4)
  2 bats (D:2)
  A giant cockroach (D:2)
  4 hobgoblins
  2 frilled lizards
  A gnoll zombie (Ossuary)
  2 hobgoblin zombies (Ossuary)
  9 kobolds
  3 kobold zombies (Ossuary)
  5 orc zombies (Ossuary)
114 creatures vanquished.

Vanquished Creatures (others)
  Fannar (D:10)
  Maggie (D:8)
  A hornet (D:9)
  A gnoll sergeant (D:7)
  3 killer bees
  A wight (D:7)
  An orc wizard (D:4)
  2 gnolls (D:7)
  3 orcs
  A kobold (D:7)
  15 fungi (D:9)
  23 plants
  A withered plant (Gauntlet)
54 creatures vanquished.

Grand Total: 319 creatures vanquished

Notes
Turn   | Place    | Note
-------+----------+-------------------------------------------
     0 | D:1      | siradein the Tengu Summoner began the quest for the Orb.
     0 | D:1      | Reached XP level 1. HP: 10/10 MP: 4/4
   425 | D:1      | Reached skill level 5 in Summonings
   467 | D:1      | Reached XP level 2. HP: 15/15 MP: 4/6
   470 | D:1      | Learned a level 2 spell: Call Imp
   896 | D:1      | Found a faded altar of an unknown god.
  1262 | D:2      | Reached XP level 3. HP: 15/19 MP: 4/7
  1694 | D:2      | Found an iron altar of Okawaru.
  1817 | D:2      | Noticed Jessica
  1827 | D:2      | Killed Jessica
  1828 | D:2      | Reached XP level 4. HP: 17/24 MP: 6/9
  1960 | D:2      | Noticed Terence
  1999 | D:2      | Killed Terence
  2041 | D:2      | Learned a level 3 spell: Call Canine Familiar
  2476 | D:3      | Gained mutation: Your magical nature lets you fly swiftly
                  | and evasively. [Tengu growth]
  2476 | D:3      | Reached XP level 5. HP: 28/28 MP: 7/10
  2804 | D:3      | Found a sacrificial altar of Ru.
  3050 | D:3      | Reached skill level 6 in Summonings
  3378 | D:4      | Learned a level 3 spell: Summon Guardian Golem
  3905 | D:4      | Reached XP level 6. HP: 24/32 MP: 10/12
  4163 | D:4      | Found a transporter.
  4185 | D:4      | Found a transporter.
  4189 | D:4      | Noticed scottley's ghost (amateur TrMo)
  4206 | D:4      | Found a radiant altar of Vehumet.
  4452 | D:4      | Identified a scroll of acquirement
  4497 | D:5      | Entered Level 5 of the Dungeon
  4890 | D:5      | Reached XP level 7. HP: 23/36 MP: 14/14
  5003 | D:5      | Learned a level 4 spell: Summon Lightning Spire
  5283 | D:5      | Reached skill level 5 in Dodging
  5283 | D:5      | Reached skill level 7 in Summonings
  5381 | D:5      | Noticed Blork the orc
  5399 | D:5      | Killed Blork the orc
  5400 | D:5      | Reached skill level 1 in Fighting
  6819 | D:6      | Found Odwiridgh's General Store.
  6827 | D:6      | Reached XP level 8. HP: 42/44 MP: 13/16
  6995 | D:5      | Reached skill level 5 in Spellcasting
  7154 | D:6      | Found Huacawu's Armour Boutique.
  7658 | D:6      | Identified the ring of the Caustic Mango {rPois rF- Str+6
                  | Dex+3}
  7722 | D:6      | Reached skill level 8 in Summonings
  7866 | D:6      | Identified the +1 robe of Lesser Demons {Drain Fly Str+2
                  | Int+4}
  8005 | D:6      | Found a staircase to the Ecumenical Temple.
  8015 | Temple   | Entered the Ecumenical Temple
  8574 | D:7      | Found Cieptes's Armour Shoppe.
  8583 | D:7      | Reached skill level 1 in Polearms
  8652 | D:7      | Found a sand-covered staircase.
  8725 | Ossuary  | Entered an ossuary
  8826 | Ossuary  | Reached XP level 9. HP: 52/52 MP: 18/18
  9037 | D:7      | Found a sparkling altar of Nemelex Xobeh.
  9214 | D:7      | Reached skill level 1 in Armour
  9222 | D:7      | Reached skill level 9 in Summonings
  9915 | D:8      | Found Zin's Purification Station.
  9919 | D:8      | Found a glowing silver altar of Zin.
  9976 | D:8      | Noticed Maggie
  9998 | D:8      | Killed Maggie
 10477 | D:8      | Reached skill level 5 in Fighting
 11473 | D:9      | Found an ancient bone altar of Kikubaaqudgha.
 11481 | D:9      | Became a worshipper of Kikubaaqudgha
 11506 | D:9      | Found a staircase to the Orcish Mines.
 11544 | D:9      | Reached XP level 10. HP: 31/59 MP: 14/20
 11550 | D:9      | Reached skill level 1 in Necromancy
 11744 | D:9      | Paralysed by a hornet for 3 turns
 12111 | D:9      | Found a glowing golden altar of the Shining One.
 12115 | D:9      | Reached * piety under Kikubaaqudgha
 12115 | D:9      | Received a gift from Kikubaaqudgha
 12133 | D:9      | Reached skill level 1 in Air Magic
 12254 | D:9      | Learned a level 3 spell: Vampiric Draining
 12324 | D:9      | Found a staircase to the Lair.
 12416 | D:9      | Learned a level 6 spell: Summon Cactus Giant
 12466 | D:9      | Noticed a manticore
 12484 | D:9      | Killed a manticore
 12493 | D:9      | Identified the +9 falchion of the Tired Curses {vorpal,
                  | rPois Str+6}
 12918 | D:9      | Noticed a red ugly thing
 12933 | D:9      | Killed a red ugly thing
 13005 | D:9      | Reached skill level 5 in Polearms
 13276 | D:10     | Entered Level 10 of the Dungeon
 13306 | D:10     | Reached skill level 10 in Summonings
 13411 | D:10     | Found a shimmering altar of Xom.
 13976 | D:4      | Reached XP level 11. HP: 64/64 MP: 12/22
 13997 | D:4      | Killed scottley's ghost
 14858 | D:10     | Noticed Fannar
 15001 | D:10     | Killed Fannar
 15001 | D:10     | Reached ** piety under Kikubaaqudgha
 15193 | D:10     | You are sucked into a shaft and drop 1 floor!
 15205 | D:11     | Noticed a manticore
 15223 | D:11     | Killed a manticore
 15379 | D:11     | Noticed a boulder beetle
 15395 | D:11     | Killed a boulder beetle
 15396 | D:11     | Reached skill level 5 in Armour
 15411 | D:11     | Found Kubriqyo's Book Shop.
 15513 | D:11     | Found a gate leading to a gauntlet.
 15520 | Gauntlet | Entered a Gauntlet
 15520 | Gauntlet | Found a transporter.
 15528 | Gauntlet | Found a transporter.
 15530 | Gauntlet | Found a transporter.
 15541 | Gauntlet | Found a transporter.
 15544 | Gauntlet | Found a transporter.
 15547 | Gauntlet | Noticed a balrug
 15557 | Gauntlet | Found a transporter.
 15571 | Gauntlet | Noticed a death yak
 15571 | Gauntlet | Noticed a death yak
 15571 | Gauntlet | Noticed a death yak
 15572 | Gauntlet | Noticed a necromancer
 15574 | Gauntlet | Found a transporter.
 15574 | Gauntlet | Noticed a death yak
 15580 | Gauntlet | Noticed a death yak
 15585 | Gauntlet | Found a transporter.
 15597 | Gauntlet | Found a transporter.
 15617 | Gauntlet | Found a transporter.
 15628 | Gauntlet | Noticed a moth of wrath
 15631 | Gauntlet | Found a transporter.
 15631 | Gauntlet | Found a transporter.
 15697 | Gauntlet | Found a transporter.
 15700 | Gauntlet | Found a transporter.
 15974 | Gauntlet | Identified the ring of the Death Scarab {rElec rF+ Int+3}
 16035 | Gauntlet | Reached skill level 5 in Air Magic
 16101 | Gauntlet | Identified the ring of Qargh {Fire *Slow Will++ Dex+3}
 16117 | Gauntlet | Killed a balrug
 16247 | Gauntlet | Got the Incunabulum of Slavery and Fire
 16263 | Gauntlet | Noticed a minotaur
 16287 | Gauntlet | Hit by a javelin thrown by a minotaur

Illustrated notes

Levels and vault maps discovered:
D:1:      psy_arrival_spokes, layout_rooms,
          chequers_ecumenical_altar_simple_redux,
          chequers_serial_rivers_small_a, minivault_14,
          minmay_large_rounded_square
D:2:      layout_basic, basic_altar, kennysheep_doodads, hex_tiny, uniq_terence,
          uniq_jessica
D:3:      minmay_recursive_quarters, layout_rooms, nicolae_ru_path_of_blood
D:4:      layout_basic, fiery_altar_vehumet, gammafunk_ghost_stat_death
D:5:      cheibrodos_two_vegetables, layout_loops_ring, uniq_blork_the_orc
D:6:      layout_cave_pools, minmay_temple_entry_proselytizer, serial_shops,
          nicolae_stop_n_shop_2, nicolae_stop_n_shop_1
D:7:      layout_cave_pools, nemelex_xobeh_ov_fountains_minmay, serial_shops,
          nicolae_take_the_stairs, gup_ossuary_entry_pyramid
D:8:      layout_basic, zin_purify, uniq_maggie
D:9:      minmay_curly_fans, layout_basic, kiku_gazebo_pond_becter,
          old_standard_altar, grunt_lair_entry_orc_guard_hut, st_stairs_14,
          serial_bayou_pond_c
D:10:     layout_loops_corners, nicolae_overflow_hidden_temple, uniq_fannar
D:11:     layout_loops_ring, gauntlet_entry_generic, serial_shops,
          kennysheep_mini, hangedman_fish_farm
Temple:   regret_index_temple_generic_petals
Gauntlet: minmay_gauntlet_77_tree [minmay_gauntlet_arena_77_two_paths,
          minmay_gauntlet_arena_77_fan, minmay_gauntlet_arena_77_mess,
          minmay_gauntlet_arena_77_two_lines, minmay_gauntlet_arena_77_mirror,
          minmay_gauntlet_arena_77_hold_the_fort,
          minmay_gauntlet_arena_77_block_sizes, gauntlet_exit_hidden_loot]

Skill      XL: |  1  2  3  4  5  6  7  8  9 10 11 |
---------------+----------------------------------+-----
Summonings     | 5 6 7 8 9 10 | 10.7
Dodging        | 3 4 5 6 7 8 9 |  9.0
Spellcasting   | 3 4 5 6 7 |  7.5
Fighting       | 2 3 5 6 |  6.7
Polearms       | 1 4 5 6 |  6.2
Armour         | 2 4 5 |  5.4
Necromancy     | 3 4 |  4.5
Air Magic      | 3 5 |  5.2
Stealth        | |  2.0

Action                   |  1- 3 |  4- 6 |  7- 9 | 10-12 || total
-------------------------+-------+-------+-------+-------++-------
Melee: Mace              |    15 |       |       |       ||    15
       Kick              |     8 |    25 |    52 |    27 ||   112
       Short sword       |    23 |       |       |       ||    23
       Peck              |     3 |    17 |    33 |    13 ||    66
       Quarterstaff      |     8 |       |       |       ||     8
       Trident           |       |    19 |       |       ||    19
       Falchion          |       |   101 |    19 |       ||   120
       Spear             |       |       |    74 |    41 ||   115
       Halberd           |       |       |   138 |    66 ||   204
 Cast: Summon Small Mamm |     7 |       |       |       ||     7
       Call Imp          |    11 |    23 |     7 |     1 ||    42
       Call Canine Famil |       |     2 |    52 |    29 ||    83
       Summon Guardian G |       |       |    11 |    20 ||    31
       Summon Lightning  |       |       |       |    28 ||    28
  Use: Scroll            |       |     7 |     4 |     2 ||    13
       Potion            |       |       |     1 |       ||     1
 Stab: Sleeping          |       |     4 |     5 |     1 ||    10
       Distracted        |       |     1 |     4 |     2 ||     7
Armor: Robe              |     7 |     1 |       |       ||     8
       Leather armour    |       |    12 |    11 |       ||    23
       Swamp dragon scal |       |       |     1 |    37 ||    38
Dodge: Dodged            |    37 |    81 |   143 |    84 ||   345
Block: Other             |     3 |    26 |    49 |    30 ||   108
       Reflection        |       |       |     1 |     6 ||     7

Table legend: (Time is in decaauts)
 A = Elapsed time spent in this place.
 B = Non-inter-level travel time spent in this place.
 C = Inter-level travel time spent in this place.
 D = Time resting spent in this place.
 E = Time spent auto-exploring this place.
 F = Levels seen in this place.
 G = Mean time per level.
                   A        B        C        D        E       F      G
               +--------+--------+--------+--------+--------+-----+--------+
         Total |  15712 |  15048 |    664 |   1863 |   9671 |  14 | 1122.3 |
       Dungeon |  14442 |  13778 |    664 |   1743 |   8971 |  11 | 1312.9 |
        Temple |    244 |    244 |      0 |      0 |    212 |   1 |  244.0 |
       Ossuary |    307 |    307 |      0 |      0 |    186 |   1 |  307.0 |
      Gauntlet |    718 |    718 |      0 |    120 |    301 |   1 |  718.0 |
               +--------+--------+--------+--------+--------+-----+--------+

Top non-repeatable levels by time:
     D:5: 2792 daAuts
     D:9: 1788 daAuts
     D:8: 1537 daAuts
     D:3: 1375 daAuts
     D:4: 1345 daAuts
    D:10: 1297 daAuts
     D:2: 1262 daAuts
     D:1: 1054 daAuts
     D:7: 850 daAuts
     D:6: 836 daAuts
Gauntlet: 718 daAuts
 Ossuary: 307 daAuts
    D:11: 302 daAuts
  Temple: 244 daAuts
